 Dungeon Crawl Stone Soup version 0.28.0-49-g6dfe1f597d (webtiles) character file.

Game seed: 5268401339094013447

980 Exodus22XD the Poker (level 7, -10/54 HPs)
             Began as a Demonspawn Gladiator on May 15, 2022.
             Killed by nerve-wracking pain
             ... invoked by Grinder
              (12 damage)
             ... while paralysed by Grinder
             ... on level 6 of the Dungeon.
             The game lasted 00:07:08 (6027 turns).

Exodus22XD the Poker (Demonspawn Gladiator)         Turns: 6027, Time: 00:07:09

Health: -10/54     AC:  8    Str: 17    XL:     7   Next: 96%
Magic:  7/7        EV:  2    Int:  9    God:
Gold:   309        SH:  0    Dex: 14    Spells: 6/6 levels left

rFire   . . .      SeeInvis .   a - +0 trident
rCold   + . .      Faith    .   x - +0 buckler
rNeg    . . .      Spirit   .   f - +2 ring mail {rC+}
rPois   .          Reflect  +   c - +0 helmet
rElec   .          Harm     .   p - scarf {repulsion}
rCorr   .          Rampage  .   (no gloves)
Will    .....                   (no boots)
Stlth   +.........              n - amulet of reflection
HPRegen 0.18/turn               (no ring)
MPRegen 0.10/turn               (no ring)

@: paralysed, repel missiles
A: powered by death 1, powered by pain 1, sturdy frame 1
a: no special abilities


You were on level 6 of the Dungeon.
You visited 1 branch of the dungeon, and saw 6 of its levels.

You collected 309 gold pieces.

Inventory:

Hand Weapons
 a - a +0 trident (weapon)
Missiles
 d - 3 throwing nets (quivered)
Armour
 b - a scarf of shadows
 c - a +0 helmet (worn)
 f - a +2 ring mail of cold resistance (worn)
 p - a scarf of repulsion (worn)
 w - a +0 chain mail
 x - a +0 buckler (worn)
Jewellery
 n - an amulet of reflection (around neck)
Wands
 l - a wand of flame (4)
 t - a wand of digging (7)
Scrolls
 h - 5 scrolls of enchant armour
 i - 4 scrolls of teleportation
 k - a scroll of fog
 o - a scroll of vulnerability {unknown}
 r - a scroll of torment {unknown}
 s - a scroll of holy word {unknown}
 u - a scroll of brand weapon {unknown}
 v - a scroll of fear {unknown}
 y - a scroll of identify
 A - a scroll of immolation {unknown}
Potions
 g - a potion of haste
 j - a potion of brilliance {unknown}
 m - 2 potions of berserk rage
 q - a potion of attraction {unknown}
 z - a potion of flight


   Skills:
 + Level 4.0 Fighting
 + Level 6.5 Polearms
 + Level 1.8 Throwing
 + Level 3.0 Armour
 + Level 3.7 Dodging
 + Level 2.1 Shields


You had 6 spell levels left.
You didn't know any spells.
Your spell library contained the following spells:

 Spells                   Type           Power      Damage    Failure   Level
 Beastly Appendage        Tmut           0%         N/A       58%         1
 Slow                     Hex            0%         N/A       58%         1
 Wereblood                Tmut           0%         N/A       73%         2
 Confusing Touch          Hex            0%         N/A       91%         3
 Spider Form              Tmut/Pois      0%         N/A       91%         3
 Vampiric Draining        Necr           0%         2d6       91%         3


Dungeon Overview and Level Annotations

Branches:
Dungeon (6/15)
 Temple: D:4-7

Altars:
Zin
Beogh

Shops:
D:5 [

Annotations:
D:6 Grinder


Innate Abilities, Weirdness & Mutations

You regenerate a little health from kills.
You sometimes gain a little power by taking damage.
Your movements are slightly less encumbered by armour. (ER -2)


Message History

The bullfrog is moderately wounded.
You block the bullfrog's attack.
The bullfrog hits you but does no damage.
You barely miss the bullfrog.
The bullfrog is moderately wounded.
You block the bullfrog's attack. The bullfrog hits you. The bullfrog hits you.
Reach: a) +0 trident
Press: ? - help, Dir - move target, p - Grinder
Okay, then.
You puncture the bullfrog!
The bullfrog is severely wounded.
Grinder blinks!
The bullfrog hits you but does no damage.
You hit Grinder.
Grinder is heavily wounded.
You block the bullfrog's attack. Grinder gestures at you.
Pain shoots through your body! You block the bullfrog's attack.
You completely miss Grinder.
Grinder is heavily wounded.
Grinder gestures at you.
You suddenly lose the ability to move!
The bullfrog hits you but does no damage.
The bullfrog hits you but does no damage.
Grinder hits you!
You writhe in agony.
The bullfrog hits you but does no damage.
Grinder hits you.
You writhe in agony.
* * * LOW HITPOINT WARNING * * *
The bullfrog hits you.
* * * LOW HITPOINT WARNING * * *
The bullfrog hits you.
* * * LOW HITPOINT WARNING * * *
Grinder blinks!
The bullfrog hits you but does no damage.
The bullfrog hits you but does no damage.
Grinder gestures at you. Pain shoots through your body!
You die...

#...#.##.#
.########...#....#.
........)...###... .
#########...###.##.#
........<.........#
................###
########..#.......#
#<....5.....#
#.#..##@###.# #
#..##F# #..##.#
#..##.# #..##.#
...##.# ..# #.#
#....(...#
#...#.##..


You could see Grinder and a bullfrog.

Vanquished Creatures
  Sigmund (D:6)
  Menkaure (D:4)
  An ogre (D:4)
  A water moccasin zombie (D:5)
  A scorpion (D:6)
  A water moccasin skeleton (D:5)
  A bullfrog zombie (D:5)
  A bullfrog skeleton (D:6)
  An orc priest (D:6)
  A scorpion zombie (D:5)
  2 iguanas
  5 orc wizards
  3 gnolls (D:5)
  4 adders
  2 worms
  5 dart slugs
  16 orcs
  2 ball pythons (D:1)
  2 bats
  6 endoplasms
  3 giant cockroaches
  7 goblins
  4 hobgoblins
  4 jackals (D:4)
  13 kobolds
  5 quokkas
  4 frilled lizards
  7 rats
104 creatures vanquished.

Notes
Turn   | Place    | Note
-------+----------+-------------------------------------------
     0 | D:1      | Exodus22XD the Demonspawn Gladiator began the quest for the
                  | Orb.
     0 | D:1      | Reached XP level 1. HP: 16/16 MP: 1/1
   183 | D:1      | Reached skill level 3 in Polearms
   183 | D:1      | Gained mutation: You sometimes gain a little power by
                  | taking damage. [demonic ancestry]
   183 | D:1      | Reached XP level 2. HP: 22/22 MP: 2/2
   809 | D:1      | Found a faded altar of an unknown god.
  1181 | D:2      | Gained mutation: Your movements are slightly less
                  | encumbered by armour. (ER -2) [demonic ancestry]
  1181 | D:2      | Reached XP level 3. HP: 27/27 MP: 3/3
  2852 | D:3      | Reached XP level 4. HP: 34/34 MP: 4/4
  2945 | D:3      | Reached skill level 4 in Polearms
  3315 | D:3      | Gained mutation: You regenerate a little health from kills.
                  | [demonic ancestry]
  3315 | D:3      | Reached XP level 5. HP: 9/41 MP: 5/5
  3617 | D:4      | Reached skill level 1 in Armour
  3785 | D:4      | Noticed an ogre
  3803 | D:4      | Killed an ogre
  3804 | D:4      | Reached skill level 5 in Polearms
  3804 | D:4      | Reached XP level 6. HP: 29/47 MP: 6/6
  3851 | D:5      | Entered Level 5 of the Dungeon
  4245 | D:4      | Noticed Menkaure
  4253 | D:4      | Killed Menkaure
  4254 | D:4      | Reached skill level 1 in Shields
  4751 | D:5      | Found Jankatuz's Armour Shop.
  4858 | D:5      | Reached XP level 7. HP: 52/52 MP: 7/7
  5804 | D:6      | Noticed Sigmund
  5824 | D:6      | Killed Sigmund
  5825 | D:6      | Reached skill level 6 in Polearms
  6001 | D:6      | Noticed Grinder
  6023 | D:6      | Paralysed by Grinder for 5 turns
  6026 | D:6      | HP: 2/54 [bullfrog (6)]
  6027 | D:6      | Killed from afar by Grinder

Illustrated notes

Levels and vault maps discovered:
D:1:      scummos_arrival_simple_crosswalls, layout_basic,
          hellmonk_ecumenical_altar_defaced_shrine, serial_glass,
          glass_columns_c, glass_columns_b, columned_hall_lemuel
D:2:      layout_basic, minmay_split_cup_small
D:3:      layout_basic, lemuel_doored_altar, minmay_misc_feat_four_crosses,
          grunt_ministairs_5
D:4:      nicolae_cairo_tiling_large_dashed, layout_rooms, uniq_menkaure
D:5:      nicolae_cairo_tiling_large, layout_basic, serial_shops, shop
D:6:      layout_loops_ring, temple_doors_e, st_stairs_6,
          kennysheep_small_square, uniq_sigmund, uniq_eustachio, uniq_grinder

Skill      XL: |  1  2  3  4  5  6  7 |
---------------+----------------------+-----
Polearms       | 3 4 5 6 |  6.5
Dodging        | 3 |  3.7
Fighting       | 3 4 |  4.0
Armour         | 1 2 3 |  3.0
Shields        | 1 2 |  2.1
Throwing       | |  1.8

Action                   |  1- 3 |  4- 6 |  7- 9 || total
-------------------------+-------+-------+-------++-------
Melee: Trident           |   149 |   217 |   108 ||   474
       Punch             |     3 |     7 |       ||    10
  Use: Potion            |       |     2 |     1 ||     3
       Scroll            |       |     8 |       ||     8
 Stab: Sleeping          |       |       |     1 ||     1
Armor: Leather armour    |     8 |       |       ||     8
       Ring mail         |    24 |    50 |    23 ||    97
       Chain mail        |       |     7 |     4 ||    11
Dodge: Dodged            |    60 |    84 |    32 ||   176
       Repelled          |       |     4 |     1 ||     5
Block: Other             |    12 |    34 |       ||    46
       Reflection        |     1 |     2 |       ||     3
       Buckler           |       |     4 |    37 ||    41
